 Dungeon Crawl Stone Soup version 0.29.1-15-g9cfb28693d (webtiles) character file.

Game seed: 10110643612136725650

34602 boopmooplesden the Impaler (level 13, -1/118 HPs)
             Began as a Minotaur Fighter on Mar 20, 2023.
             Was an Elder of Trog.
             Slain by Rupert
             ... wielding a +1 triple sword of distortion
              (6 damage)
             ... on level 14 of the Dungeon.
             The game lasted 00:22:52 (16444 turns).

boopmooplesden the Impaler (Minotaur Fighter)      Turns: 16444, Time: 00:22:53

Health: -1/118     AC: 21    Str: 26    XL:     13   Next: 43%
Magic:  12/12      EV: 11    Int: 11    God:    Trog [****..]
Gold:   1050       SH:  7    Dex: 13    Spells: 12/12 levels left

rFire   . . .      SeeInvis .   a - +2 trident (spect)
rCold   + . .      Faith    .   c - +1 buckler
rNeg    . . .      Spirit   .   r - +0 chain mail
rPois   +          Reflect  .   (helmet restricted)
rElec   .          Harm     .   V - +2 cloak {rPois}
rCorr   .          Rampage  +   w - +0 pair of gloves
Will    ++...                   N - +1 pair of boots {rampage}
Stlth   ..........              q - amulet of the Tick {Acrobat Int+3}
HPRegen 1.29/turn               D - ring of Oshrimum {rC+ Int+3 Dex-3 Slay+2}
MPRegen 0.13/turn               n - +6 ring of dexterity

@: about to teleport, strong-willed, on berserk cooldown, regenerating, slowed,
invisible, very slow
A: horns 2, retaliatory headbutt
a: Renounce Religion, Berserk, Trog's Hand, Brothers in Arms


You were on level 14 of the Dungeon.
You worshipped Trog.
Trog was greatly pleased with you.
You visited 2 branches of the dungeon, and saw 15 of its levels.

You collected 1050 gold pieces.

Inventory:

Hand Weapons
 a - a +2 spectral trident (weapon)
 o - a +2 morningstar of holy wrath
 L - a +2 spear of venom
 R - a +1 spear of venom
Missiles
 y - 5 throwing nets (quivered)
Armour
 c - a +1 buckler (worn)
 r - a +0 chain mail (worn)
 w - a +0 pair of gloves (worn)
 N - a +1 pair of boots of rampaging (worn)
 V - a +2 cloak of poison resistance (worn)
Jewellery
 b - an amulet of guardian spirit
 h - a ring of ice
 k - a ring of protection from fire
 n - a +6 ring of dexterity (right hand)
 q - the amulet of the Tick (around neck) {Acrobat Int+3}
   (You found it on level 3 of the Dungeon)

   [amulet of the acrobat]

   It increases your evasion while moving and waiting.
   Int:       It affects your intelligence (+3).
 x - a +4 ring of evasion
 A - a ring of see invisible
 B - an amulet of the acrobat
 D - the ring of Oshrimum (left hand) {rC+ Int+3 Dex-3 Slay+2}
   (You found it on level 6 of the Dungeon)

   [ring of protection from cold]

   Int:       It affects your intelligence (+3).
   Dex:       It affects your dexterity (-3).
   Slay:      It affects your accuracy & damage with ranged weapons and melee
   (+2).
   rC:        It protects you from cold.
 J - an amulet of reflection
Wands
 s - a wand of mindburst (10)
 C - a wand of digging (12)
 F - a wand of charming (7)
 G - a wand of flame (3)
 P - a wand of roots (1)
 U - a wand of light (6)
Scrolls
 e - 8 scrolls of identify
 f - 4 scrolls of immolation
 i - 2 scrolls of fear
 m - 4 scrolls of poison
 p - 3 scrolls of torment
 z - a scroll of magic mapping
 E - 4 scrolls of teleportation
 Q - a scroll of enchant armour
 S - a scroll of brand weapon
 W - 3 scrolls of fog {unknown}
Potions
 d - 3 potions of might
 g - 5 potions of mutation
 j - 8 potions of curing
 l - 5 potions of flight
 t - 6 potions of ambrosia
 u - 5 potions of attraction
 v - a potion of berserk rage
 H - 3 potions of brilliance
 I - 4 potions of resistance
 K - 2 potions of magic
 O - a potion of lignification
 X - a potion of cancellation {unknown}


   Skills:
 + Level 12.1 Fighting
 + Level 16.0 Polearms
 + Level 14.4 Armour
 + Level 6.4 Dodging
 + Level 4.8 Stealth
 + Level 10.7 Shields
 + Level 0.1 Evocations


You had 12 spell levels left.
You didn't know any spells.
Your spell library contained the following spells:

 Spells                   Type           Power      Damage    Failure   Level
 Magic Dart               Conj           0%         1d3       86%         1
 Searing Ray              Conj           0%         2d4       94%         2
 Dazzling Flash           Conj/Hex       0%         N/A       99%         3
 Ozocubu's Armour         Ice            0%         N/A       99%         3
 Fulminant Prism          Conj/Hex       0%         3d6       100%        4
 Iskenderun's Mystic Bla  Conj/Tloc      0%         2d3       100%        4
 Starburst                Conj/Fire      0%         6d3       100%        6
 Ozocubu's Refrigeration  Ice            0%         4d7       100%        7


Dungeon Overview and Level Annotations

Branches:
Dungeon (14/15)            Temple (1/1) D:5            Lair (0/5) D:9
    Orc (0/2) D:9          Vaults (0/5) D:14

Altars:
Ashenzari
Cheibriados
Elyvilon
Kikubaaqudgha
Nemelex Xobeh
Qazlal
Trog
Uskayaw
Vehumet
Yredelemnul
Zin

Shops:
D:1 [   D:3 =

Annotations:
D:11 2 transporters, Chatter's ghost, journeyman MiBe
D:14 Rupert


Innate Abilities, Weirdness & Mutations

You have a pair of horns on your head.
You reflexively headbutt those who attack you in melee.


Message History

Space warps around you.
Okay, then.
Blink to where?
Press: ? - help, Dir - move target
As you read the scroll of blinking, it crumbles to dust.
Your skin crawls.
You feel strong-willed.
Your two-headed ogre goes berserk!
Trog will no longer gift you weapons.
Rupert hits your two-headed ogre with a +1 triple sword of distortion!!
Rupert hits your two-headed ogre with a +1 triple sword of distortion!!!
Space warps around your two-headed ogre!
Rupert hits your two-headed ogre with a +1 triple sword of distortion!
Space warps around your two-headed ogre.
Your two-headed ogre dies!
Your two-headed ogre's corpse disappears in a puff of smoke!
You block Rupert's attack. Rupert attacks as you move away!
You block Rupert's attack. Rupert barely misses you. You furiously retaliate!
You headbutt Rupert. Rupert attacks as you move away!
Rupert hits you with a +1 triple sword of distortion!
Space warps horribly around you! Rupert barely misses you.
You block Rupert's attack. Rupert completely misses you.
As you read the scroll of teleportation, it crumbles to dust.
You feel strangely unstable. Rupert hits you but does no damage.
Space warps around you.
Rupert hits you with a +1 triple sword of distortion!
* * * LOW HITPOINT WARNING * * *
Space warps around you.
* * * LOW HITPOINT WARNING * * *
Okay, then.
Unknown command.
Okay, then.
You fade into invisibility!
Rupert hits you with a +1 triple sword of distortion!
* * * LOW HITPOINT WARNING * * *
Space warps around you.
* * * LOW HITPOINT WARNING * * *
Rupert hits you with a +1 triple sword of distortion.
You die...

#.#.#.## .#.#.#.#
#.#.#.## .#.#.#.#
#.#.#.## #########
#.##.#
###.##.##############
##...##.........@@...#
.....#####......####.#
......##..........##.###
##......(...##.........#
####......####.........#
###..### #.........#
#### #....##...#
#....##...# #...^# ..#


You could see Rupert (berserk, unable to see you).

Vanquished Creatures
  Josephine (D:10)
  A vault guard (D:14)
  2 hydras
  A centaur warrior (D:14)
  2 two-headed ogres
  A fire crab (D:14)
  Amaemon (D:10)
  8 skeletal warriors (D:14)
  A wizard (D:9)
  Pikel (D:9)
  A deep elf zephyrmancer (D:14)
  3 deep elf pyromancers
  A harpy (shapeshifter) (D:14)
  An orc sorcerer (D:9)
  7 slime creatures
  The ghost of mkat the Shooter, a novice OpWn of Vehumet (D:7)
  2 ugly things
  3 manticores
  2 cyclopes
  Joseph (D:7)
  Maurice (D:13)
  A gargoyle (D:13)
  An ice statue (D:14)
  An orange demon (D:10)
  Maggie (D:7)
  2 unseen horrors (D:11)
  An efreet (D:13)
  A komodo dragon (D:11)
  2 tengu conjurers (D:13)
  A troll (shapeshifter) (D:14)
  5 trolls
  2 hornets
  A raiju (shapeshifter) (D:14)
  2 wyverns
  4 wraiths
  3 steam dragons
  15 yaks
  A basilisk (D:12)
  2 vampire mosquitoes (D:13)
  Menkaure (D:5)
  5 acid dragons
  2 water moccasins
  8 orc warriors
  An ice beast (D:6)
  A sky beast (D:7)
  2 black bears (D:5)
  10 ogres
  2 centaurs
  3 lemures (D:9)
  3 phantoms
  6 kobold brigands
  4 bullfrogs
  3 necrophages
  2 scorpions (D:5)
  6 gnoll sergeants
  3 wights (D:8)
  A jelly (D:8)
  49 killer bees
  6 electric eels
  A howler monkey (D:9)
  A vampire bat (D:4)
  2 hounds
  3 gnoll boudas
  5 orc priests
  Crazy Yiuf (D:7)
  2 iguanas (D:5)
  9 orc wizards
  8 adders
  36 gnolls
  3 white imps
  An ufetubus (D:6)
  A worm (D:2)
  3 dart slugs
  3 fire bats (D:4)
  30 orcs
  2 spectral bats (D:4)
  15 bats
  3 bat skeletons (D:4)
  A bat zombie (D:4)
  8 endoplasms
  3 giant cockroaches
  14 goblins
  8 hobgoblins
  3 quokkas (D:3)
  6 ball pythons
  A bat simulacrum (D:4)
  3 frilled lizards
  24 kobolds
  3 rats
  A spectral orc (D:9)
410 creatures vanquished.

Vanquished Creatures (others)
  A killer bee (D:14)
  A kobold (D:9)
  3 plants (D:3)
5 creatures vanquished.

Grand Total: 415 creatures vanquished

Notes
Turn   | Place    | Note
-------+----------+-------------------------------------------
     0 | D:1      | boopmooplesden the Minotaur Fighter began the quest for the
                  | Orb.
     0 | D:1      | Reached XP level 1. HP: 19/19 MP: 0/0
     0 | D:1      | Noticed a merfolk zombie
     0 | D:1      | Noticed a demonspawn zombie
     6 | D:1      | Noticed a minotaur zombie
    16 | D:1      | Noticed a demonspawn zombie
    21 | D:1      | Noticed a demonspawn zombie
   135 | D:1      | Reached XP level 2. HP: 27/27 MP: 1/1
   198 | D:1      | Found Dijiur's Antique Armour Shop.
   564 | D:1      | Found a faded altar of an unknown god.
   614 | D:1      | Reached XP level 3. HP: 27/33 MP: 2/2
  1068 | D:2      | Reached skill level 3 in Polearms
  1190 | D:2      | Identified the +0 ring mail of Gravitas {*Slow rC+ Slay+2}
  1475 | D:2      | Reached skill level 1 in Dodging
  1475 | D:2      | Reached XP level 4. HP: 35/40 MP: 3/3
  1834 | D:3      | Identified the amulet of the Tick {Acrobat Int+3}
  2138 | D:3      | Reached skill level 5 in Armour
  2193 | D:3      | Reached XP level 5. HP: 47/47 MP: 4/4
  2545 | D:3      | Found Zuisun's Jewellery Boutique.
  2682 | D:4      | Found a stormy altar of Qazlal.
  2834 | D:4      | Reached skill level 4 in Polearms
  2854 | D:4      | Noticed a phantom
  2860 | D:4      | Killed a phantom
  2861 | D:4      | Reached XP level 6. HP: 53/53 MP: 5/5
  2961 | D:4      | Reached skill level 5 in Polearms
  3185 | D:4      | Reached XP level 7. HP: 52/60 MP: 6/6
  3568 | D:5      | Entered Level 5 of the Dungeon
  3608 | D:5      | Reached skill level 5 in Fighting
  3608 | D:5      | Reached skill level 6 in Polearms
  3616 | D:5      | Reached skill level 7 in Polearms
  3669 | D:5      | Reached XP level 8. HP: 46/68 MP: 7/7
  3752 | D:5      | Noticed Menkaure
  3762 | D:5      | Killed Menkaure
  3806 | D:5      | Found a broken altar of Ashenzari.
  3858 | D:5      | Reached skill level 8 in Polearms
  3933 | D:5      | Reached skill level 5 in Shields
  4000 | D:5      | Reached skill level 9 in Polearms
  4007 | D:5      | Reached XP level 9. HP: 48/75 MP: 8/8
  4496 | D:5      | Found a staircase to the Ecumenical Temple.
  4689 | D:6      | Reached skill level 10 in Polearms
  4692 | D:6      | Reached skill level 1 in Stealth
  4759 | D:6      | Identified the ring of Oshrimum {rC+ Int+3 Dex-3 Slay+2}
  4850 | D:6      | Found an ancient bone altar of Kikubaaqudgha.
  5197 | D:6      | Reached skill level 11 in Polearms
  5519 | D:6      | Reached XP level 10. HP: 72/86 MP: 9/9
  5779 | D:6      | You fall into a shaft and drop 1 floor!
  6024 | D:7      | Noticed Maggie
  6031 | D:7      | Killed Maggie
  6032 | D:7      | Reached skill level 10 in Armour
  6111 | D:7      | Found a transporter.
  6111 | D:7      | Noticed mkat's ghost (novice OpWn)
  6115 | D:7      | Found a transporter.
  6116 | D:7      | Noticed Joseph
  6130 | D:7      | Killed Joseph
  6417 | D:7      | Found a hide-covered altar of Uskayaw.
  6729 | D:7      | Found a sparkling altar of Nemelex Xobeh.
  6985 | D:7      | Found a runed translucent door.
  6986 | D:7      | Noticed Crazy Yiuf
  7033 | D:7      | Killed Crazy Yiuf
  7167 | Temple   | Entered the Ecumenical Temple
  7174 | Temple   | Became a worshipper of Trog the Wrathful
  7572 | D:8      | Reached skill level 12 in Polearms
  7645 | D:8      | Found a white marble altar of Elyvilon.
  7868 | D:8      | Found a radiant altar of Vehumet.
  7870 | D:8      | Found a glowing silver altar of Zin.
  8198 | D:9      | Noticed a two-headed ogre
  8211 | D:9      | Killed a two-headed ogre
  8242 | D:9      | Noticed Pikel
  8249 | D:9      | Killed Pikel
  8249 | D:9      | Reached * piety under Trog
  8497 | D:9      | Noticed an orc sorcerer
  8497 | D:9      | Noticed a wizard
  8514 | D:9      | Noticed a rust devil
  8557 | D:9      | Reached XP level 11. HP: 95/95 MP: 10/10
  8748 | D:9      | Killed an orc sorcerer
  8817 | D:9      | Killed a wizard
  8818 | D:9      | Reached skill level 13 in Polearms
  8880 | D:9      | Found a staircase to the Orcish Mines.
  8918 | D:9      | Reached skill level 5 in Dodging
  8920 | D:9      | Reached ** piety under Trog
  9130 | D:9      | Found a staircase to the Lair.
  9133 | D:9      | Found a basalt altar of Yredelemnul.
  9335 | D:10     | Entered Level 10 of the Dungeon
  9355 | D:10     | Noticed a two-headed ogre
  9360 | D:10     | Killed a two-headed ogre
  9962 | D:10     | Noticed Amaemon
  9979 | D:10     | Killed Amaemon
 10284 | D:10     | Noticed Josephine
 10289 | D:10     | Killed Josephine
 10290 | D:10     | Reached skill level 10 in Fighting
 10290 | D:10     | Reached skill level 14 in Polearms
 10299 | D:10     | Reached *** piety under Trog
 11062 | D:11     | Found a transporter.
 11317 | D:11     | Found a transporter.
 11320 | D:11     | Noticed Chatter's ghost (journeyman MiBe)
 11338 | D:11     | Reached XP level 12. HP: 82/106 MP: 11/11
 13047 | D:7      | Killed mkat's ghost
 13494 | D:12     | Noticed a five-headed hydra
 13501 | D:12     | Killed a five-headed hydra
 14114 | D:13     | Reached skill level 15 in Polearms
 14121 | D:13     | Noticed Maurice
 14131 | D:13     | Killed Maurice
 14309 | D:13     | Noticed a seven-headed hydra
 14315 | D:13     | Killed a seven-headed hydra
 14400 | D:13     | Reached **** piety under Trog
 15005 | D:14     | Reached skill level 10 in Shields
 15033 | D:14     | Noticed a centaur warrior
 15033 | D:14     | Noticed a centaur warrior
 15038 | D:14     | Noticed a two-headed ogre
 15038 | D:14     | Noticed a two-headed ogre
 15038 | D:14     | Noticed a centaur warrior
 15062 | D:14     | Reached ***** piety under Trog
 15317 | D:14     | Reached XP level 13. HP: 77/116 MP: 12/12
 16062 | D:14     | Found a gate to the Vaults.
 16390 | D:14     | Noticed Rupert
 16413 | D:14     | Reached skill level 16 in Polearms
 16423 | D:14     | Paralysed by Rupert for 3 turns
 16444 | D:14     | HP: 5/118 [Rupert/+1 triple sword of distortion (4)]
 16444 | D:14     | Slain by Rupert

Illustrated notes

Levels and vault maps discovered:
D:1:      shiori_arrival_whats_in_store_for_you, layout_loops_ring,
          basic_ecumenical_altar, serial_shops, shop
D:2:      layout_basic, st_stairs_12
D:3:      wad_woods_settlement, layout_basic, serial_shops, shop
D:4:      layout_gridville, grunt_qazlal_sundering, goddamned_bats
D:5:      nicolae_BIG_FREAKIN_CUBE, layout_basic, ashenzari_conservatory_becter,
          minmay_temple_entry_glassed_door, reono_crystal_passage,
          nicolae_elevator_lobby_plus, uniq_menkaure
D:6:      layout_basic, lemuel_doored_altar, chequers_arboretum,
          chequers_big_river
D:7:      layout_basic, mainiacjoe_overflow_tiny_flanked,
          mainiacjoe_overflow_surrounded_room, gammafunk_ghost_hive,
          uniq_joseph, uniq_maggie, uniq_crazy_yiuf_cottage
D:8:      layout_basic, kennysheep_mini, minitemple,
          chequers_serial_rivers_small_a
D:9:      cheibrodos_wizards_tower, layout_cave_pools,
          yredelemnul_forgotten_temple_becter, lair_entry_dummy,
          kennysheep_orc_monster_closet_entryway, roderic_serpentine_path,
          uniq_pikel
D:10:     layout_basic, nrook_pool_corridor, item_on_display_b, uniq_amaemon,
          uniq_josephine
D:11:     layout_basic, gammafunk_ghost_berserking_beasts, grunt_ministairs_2,
          hive_lemuel
D:12:     layout_roguey
D:13:     layout_stronghold, uniq_maurice
D:14:     wad_woods_minihive, layout_loops_ring, david_vaults_5,
          nicolae_two_hexagons, minivault_16, uniq_rupert
Temple:   dshaligram_water_room_temple

Skill      XL: |  1  2  3  4  5  6  7  8  9 10 11 12 13 |
---------------+----------------------------------------+-----
Armour         | 4 5 6 7 8 9 11 12 14 | 14.4
Shields        | 4 5 7 9 10 | 10.7
Fighting       | 4 5 6 7 8 10 11 12 | 12.1
Polearms       | 3 4 5 7 9 11 12 14 15 16 | 16.0
Dodging        | 1 2 3 4 5 6 |  6.4
Stealth        | 1 2 4 |  4.8
Evocations     | |  0.1

Action                   |  1- 3 |  4- 6 |  7- 9 | 10-12 | 13-15 || total
-------------------------+-------+-------+-------+-------+-------++-------
Melee: Trident           |    71 |    77 |   133 |   497 |    93 ||   871
       Headbutt          |     7 |     6 |    26 |   119 |    25 ||   183
Invok: Berserk           |       |       |       |     4 |     4 ||     8
       Trog's Hand       |       |       |       |       |     1 ||     1
       Brothers in Arms  |       |       |       |       |     1 ||     1
Evoke: Wand              |       |       |       |     1 |       ||     1
  Use: Scroll            |     5 |       |     5 |    17 |     2 ||    29
       Potion            |       |       |     4 |     1 |     1 ||     6
 Stab: Distracted        |       |       |     1 |     7 |     5 ||    13
Armor: Scale mail        |    32 |     7 |       |       |       ||    39
       Chain mail        |       |    31 |    47 |   188 |    28 ||   294
Dodge: Dodged            |    44 |    71 |    91 |   268 |    29 ||   503
Block: Buckler           |    11 |    19 |    23 |   126 |    18 ||   197
